 Dungeon Crawl Stone Soup version 0.27-a0-1090-gb115f176c6 (console) character file.

Game seed: 6199425286984731319

18 nht the Digger (level 2, 0/19 HPs)
             Began as a Demonspawn Earth Elementalist on Apr 27, 2021.
             Slain by a quokka (4 damage)
             ... on level 1 of the Dungeon.
             The game lasted 00:01:29 (217 turns).

nht the Digger (Demonspawn Earth Elementalist)       Turns: 217, Time: 00:01:31

Health: 0/19       AC:  1    Str:  8    XL:     2   Next: 48%
Magic:  1/5        EV: 12    Int: 16    God:
Gold:   20         SH:  4    Dex: 13    Spells: 4/5 levels left

rFire    . . .     SeeInvis .   (no weapon)
rCold    . . .     Faith    .   (no shield)
rNeg     . . .     Spirit   .   c - +0 robe
rPois    .         Reflect  .   (no helmet)
rElec    .         Harm     .   (no cloak)
rCorr    .         Rampage  .   (no gloves)
Will     .....                  (no boots)
Stlth    ++........             (no amulet)
HPRegen  0.06/turn              (no ring)
MPRegen  0.18/turn              (no ring)

@: no status effects
A: magic regeneration, large bone plates 1, deformed body, sturdy frame 1
a: no special abilities


You were on level 1 of the Dungeon.
You visited 1 branch of the dungeon, and saw 1 of its levels.

You collected 20 gold pieces.

Inventory:

Missiles
 b - 7 stones
Armour
 c - a +0 robe (worn)


   Skills:
 - Level 1.7 Dodging
 - Level 1.7 Stealth
 - Level 2.0 Spellcasting
 - Level 0.8 Transmutations
 + Level 3.5 Earth Magic


You had 4 spell levels left.
You knew the following spells:

 Your Spells              Type           Power      Damage    Failure   Level
a - Sandblast             Erth           24%        2d8       4%          1

Your spell library contained the following spells:

 Spells                   Type           Power      Damage    Failure   Level
 Passwall                 Tmut/Erth      6%         N/A       13%         2
 Summon Small Mammal      Summ           4%         N/A       21%         1
 Call Imp                 Summ           1%         N/A       30%         2
 Stone Arrow              Conj/Erth      14%        3d7       30%         3
 Call Canine Familiar     Summ           1%         N/A       52%         3
 Summon Guardian Golem    Hex/Summ       1%         N/A       52%         3
 Petrify                  Tmut/Erth      8%         N/A       63%         4
 Summon Ice Beast         Ice/Summ       1%         N/A       90%         4
 Summon Lightning Spire   Summ/Air       1%         N/A       90%         4
 Lee's Rapid Deconstruct  Erth           6%         3d7*      80%         5


Dungeon Overview and Level Annotations

Branches:
Dungeon (1/15)

Altars:


Innate Abilities, Weirdness & Mutations

You regenerate magic rapidly.
You are partially covered in large bone plates. (SH +4)
Armour fits poorly on your strangely shaped body.
Your movements are slightly less encumbered by armour. (ER -2)


Message History

The jackal closely misses you.
The blast of sand hits the jackal.
The jackal is severely wounded.
The jackal misses you. The jackal closely misses you. The jackal bites you.
The blast of sand hits the jackal.
You kill the jackal!
A kobold comes into view. It is wielding a +0 short sword.
The kobold shouts!
The jackal barely misses you.
You completely miss the kobold.
The jackal bites you but does no damage.
You barely miss the kobold.
The jackal bites you but does no damage.
The kobold hits you with a +0 short sword.
The jackal barely misses you.
The blast of sand hits the kobold!
You kill the kobold!
The jackal bites you but does no damage.
The jackal bites you but does no damage.
Things that are here:
a +0 short sword; a stone; a kobold corpse The jackal closely misses you.
The jackal closely misses you.
The quokka twitches its whiskers.
The blast of sand hits the jackal.
You kill the jackal!
A jackal comes into view.
The jackal barks!
A jackal comes into view.
The quokka bites you.
* * * LOW HITPOINT WARNING * * *
It was a potion of mutation.
You feel extremely strange.
Your body twists and deforms.
Large bone plates grow over parts of your arms.
You feel less encumbered by your armour.
An endoplasm comes into view.
The quokka bites you.
You die... ... ..█ J.. █.█ ██... █.█ █.... █.█ █.... █h█ █.... █@█ █.... █r█

██.... █.█
█..... █.█
█..... █.█
█..█.. █.█
███. █.. █.█
.........█..
█.█
█..........█
█.███
█...█.██..█.


You could see an endoplasm, a quokka and a jackal.

Vanquished Creatures
  2 endoplasms (D:1)
  2 hobgoblins (D:1)
  6 jackals (D:1)
  3 kobolds (D:1)
  2 rats (D:1)
15 creatures vanquished.

Notes
Turn   | Place    | Note
-------+----------+-------------------------------------------
     0 | D:1      | nht the Demonspawn Earth Elementalist began the quest for
                  | the Orb.
     0 | D:1      | Reached XP level 1. HP: 13/13 MP: 3/3
    90 | D:1      | Found a faded altar of an unknown god.
   100 | D:1      | Reached skill level 3 in Earth Magic
   140 | D:1      | Gained mutation: You regenerate magic rapidly. [demonic
                  | ancestry]
   140 | D:1      | Reached XP level 2. HP: 9/19 MP: 0/5
   217 | D:1      | Gained mutation: Armour fits poorly on your strangely
                  | shaped body. [potion of mutation]
   217 | D:1      | Gained mutation: You are partially covered in large bone
                  | plates. (SH +4) [potion of mutation]
   217 | D:1      | Gained mutation: Your movements are slightly less
                  | encumbered by armour. (ER -2) [potion of mutation]
   217 | D:1      | Slain by a quokka

Illustrated notes

Levels and vault maps discovered:
D:1:      scummos_arrival_star, layout_basic,
          hellmonk_ecumenical_altar_lost_god, minmay_pentomino_z2

Skill      XL: |  1 |
---------------+----+-----
Earth Magic    | 3 |  3.5
Dodging        | |  1.7
Stealth        | |  1.7
Spellcasting   | |  2.0
Transmutations | |  0.8

Action                   || total
-------------------------++-------
Melee: Unarmed           ||     2
 Cast: Sandblast         ||    23
  Use: Scroll            ||     1
       Potion            ||     1
Armor: Robe              ||     5
Dodge: Dodged            ||    20

Table legend: (Time is in decaauts)
 A = Elapsed time spent in this place.
 B = Non-inter-level travel time spent in this place.
 C = Inter-level travel time spent in this place.
 D = Time resting spent in this place.
 E = Time spent auto-exploring this place.
 F = Levels seen in this place.
 G = Mean time per level.
                   A        B        C        D        E       F      G
               +--------+--------+--------+--------+--------+-----+--------+
         Total |    217 |    217 |      0 |      0 |     81 |   1 |  217.0 |
       Dungeon |    217 |    217 |      0 |      0 |     81 |   1 |  217.0 |
               +--------+--------+--------+--------+--------+-----+--------+

Top non-repeatable levels by time:
     D:1: 217 daAuts
